[Event "FIDE WCCC U12 2018"]
[Site "Santiago de Compostela"]
[Date "2018.11.07"]
[Round "3"]
[White "Yu, Jason"]
[Black "Zhao, Jeffrey Renfei"]
[Result "1/2-1/2"]
[ECO "B92"]
[WhiteElo "2097"]
[BlackElo "1889"]
[Annotator "NA RC"]
[PlyCount "99"]
[EventDate "2018.11.04"]
[EventType "swiss"]
[EventCountry "ESP"]
[SourceTitle "playchess.com"]
[Source "ChessBase"]
[SourceQuality "1"]
[TimeControl "40/5400+30:1800+30"]

1. e4 c5 2. Nf3 d6 3. d4 cxd4 4. Nxd4 Nf6 5. Nc3 a6 6. Be2 e5 7. Nb3 Be7 8. a4 O-O 9. O-O Be6 10. f4 exf4 11. Bxf4 Nc6 12. Kh1 d5 13. e5 Ne4 14. Bd3 {[%emt 0:00:47] B92: Sicilian Najdorf: 6 Be2} f5 15. exf6 $1 Bxf6 16. Nxe4 dxe4 {[%emt 0:00:10] LiveBook: 4 Games} 17. Bxe4 Qxd1 ({Don't go for} 17... Bxb2 $2 {[#]} 18. Qh5 $1 $18 ) 18. Raxd1 Bxb2 19. g3 {[%emt 0:10:18] [#]} Bc4 $146 ({Predecessor:} 19... Rae8 20. Nc5 Bc4 21. Rfe1 Bc3 22. Bd2 Bd4 23. Be3 Bc3 24. Bd2 Bd4 25. Be3 Bc3 26. Bd2 {½-½ (26) Kovalev,A (2537)-Brodsky,M (2549) Tiumen 2010}) 20. Rfe1 Bc3 21. Re3 Bb4 22. Bxc6 bxc6 23. Re4 Bxb3 $1 ({Much weaker is} 23... Bd5 $6 {[#]} 24. Rxd5 $1 cxd5 25. Rxb4 $16) 24. cxb3 a5 25. Kg2 Rad8 26. Rxd8 Rxd8 27. Kf3 Rd3+ 28. Re3 Rxe3+ (28... Rd8 $11 {remains equal.}) 29. Bxe3 Kf7 30. Ke4 Ke6 31. g4 g6 32. Bb6 (32. Kd4 $16) 32... c5 33. h3 Kd6 34. Bd8 Kd7 35. Bg5 Ke6 36. Be3 Ba3 37. Bd2 Bb4 38. Bxb4 cxb4 39. Kd4 g5 40. Kc4 Ke5 $1 41. Kb5 Kd4 42. Kxa5 Kc3 43. Kb6 Kxb3 44. a5 Kc3 45. a6 b3 46. a7 b2 47. a8=Q b1=Q+ $11 48. Kc7 Qg6 49. Qd8 Qf7+ 50. Kc8 1/2-1/2

[Event "FIDE WCCC U12 2018"]
[Site "Santiago de Compostela"]
[Date "2018.11.07"]
[Round "3"]
[White "Damjanovic, Vuk"]
[Black "Makhmudjonov, Davlatbek"]
[Result "0-1"]
[ECO "A20"]
[WhiteElo "2053"]
[BlackElo "1608"]
[Annotator "NA RC"]
[PlyCount "170"]
[EventDate "2018.11.04"]
[EventType "swiss"]
[EventCountry "ESP"]
[SourceTitle "playchess.com"]
[Source "ChessBase"]
[SourceQuality "1"]
[TimeControl "40/5400+30:1800+30"]

1. c4 e5 2. b3 Nf6 {[%emt 0:07:55] A20: English Opening: 1...e5} 3. Bb2 Bc5 (3... Nc6 4. e3 g6 5. d3 Bg7 6. Nf3 d6 7. Be2 O-O 8. a3 Nd7 9. Nc3 a5 10. O-O Re8 11. Nd2 Nc5 12. Nd5 {½-½ (39) Topalov,V (2761)-Aronian,L (2792) Paris 2016}) 4. e3 d6 {[%emt 0:00:55] LiveBook: 3 Games} 5. a3 Nc6 6. d4 ({White should play} 6. Nc3 $11) 6... Bb6 (6... exd4 $15 7. exd4 Bb6) 7. dxe5 $146 ({Predecessor:} 7. b4 exd4 8. exd4 Qe7+ 9. Be2 a6 10. Nf3 Bf5 11. O-O {½-½ (41) Mueschenich,S (2169)-Korb,A (2032) Germany 2005}) 7... Nxe5 8. Nf3 Qe7 9. Be2 Bf5 10. Nc3 O-O 11. O-O Rad8 12. Qd2 (12. Nh4 $5 Bd7 13. h3 $11) 12... h6 13. Rfd1 c6 14. Rac1 Bc7 15. Qe1 Bb8 16. h3 Rfe8 17. b4 Nxf3+ 18. Bxf3 Nd7 19. Ne2 Qg5 (19... Ne5 $11) 20. Ng3 Bg6 21. Ne2 Be4 22. Bxe4 Rxe4 23. Rd4 Ne5 24. f4 Nf3+ 25. Kh1 Nxe1 26. fxg5 Rxd4 27. Bxd4 Nd3 28. Rf1 hxg5 29. e4 (29. Kg1 $17 {war nötig.} Ne5 30. Bxe5 dxe5 31. Ng3) 29... Re8 30. Nc3 Nf4 31. g3 (31. Rd1 $17) 31... Nxh3 32. Kg2 g4 33. Be3 Bc7 34. a4 Bb6 35. c5 dxc5 36. a5 Bd8 37. Bxc5 Bf6 38. Nd1 Rxe4 39. Ne3 Bd4 40. Nxg4 Bxc5 41. bxc5 Rxg4 42. Kxh3 Rb4 43. Rd1 Rb5 44. Rd8+ Kh7 45. Rd7 f6 46. a6 bxa6 47. Rxa7 a5 48. Kg4 Rxc5 49. Kf4 Rc4+ 50. Kf5 a4 51. g4 Rc3 52. Rxa4 Rc5+ 53. Kf4 Kg6 54. Ra7 Rc1 55. Rc7 c5 56. Kg3 Rc3+ 57. Kf4 c4 58. Rc5 Rc1 59. Kf3 c3 60. Kg2 $2 (60. Ke2) 60... c2 61. Kh2 Kf7 62. Kg2 Ke6 63. Rc8 Ke5 64. Rc4 g5 65. Kh2 Kd5 66. Rc8 Ke4 67. Kg2 $2 (67. Rc6) 67... Ke3 68. Rc6 Rd1 69. Rxc2 Rd2+ 70. Rxd2 Kxd2 71. Kf2 Kd3 72. Kf3 Kd4 73. Kf2 Ke4 74. Kg2 Kf4 75. Kh3 Kf3 76. Kh2 Kxg4 77. Kg2 f5 78. Kf2 f4 79. Kg2 f3+ 80. Kf2 Kf4 81. Kf1 Kg3 82. Kg1 f2+ 83. Kf1 g4 84. Ke2 Kg2 85. Ke3 f1=Q 0-1

[Event "FIDE WCCC U12 2018"]
[Site "Santiago de Compostela"]
[Date "2018.11.07"]
[Round "3"]
[White "Amilal, Munkhdalai"]
[Black "Razafindratsima, Timothe"]
[Result "1/2-1/2"]
[ECO "C75"]
[WhiteElo "1864"]
[BlackElo "2092"]
[Annotator "NA RC"]
[PlyCount "153"]
[EventDate "2018.11.04"]
[EventType "swiss"]
[EventCountry "ESP"]
[SourceTitle "playchess.com"]
[Source "ChessBase"]
[SourceQuality "1"]
[TimeControl "40/5400+30:1800+30"]

1. e4 e5 2. Nf3 Nc6 3. Bb5 a6 4. Ba4 d6 5. c3 Bd7 6. O-O Nf6 7. Re1 g6 8. d4 b5 9. Bc2 {[%emt 0:08:36] LiveBook: 22 Games} Bg7 10. dxe5 {[%emt 0:10:24] C76: Ruy Lopez: Deferred Steinitz: 5 c3 Bd7 6 d4 g6} (10. Nbd2 O-O 11. dxe5 Nxe5 12. Nxe5 dxe5 13. Nb3 Qe7 14. Be3 Rfd8 15. Qf3 h5 16. h3 Nh7 17. Nc5 Bc6 18. Bb3 Bf6 {½-½ (30) Perez Ponsa,F (2553)-Adams,M (2709) Caleta 2018}) 10... dxe5 11. Be3 O-O 12. Bc5 (12. Nbd2 $14) 12... Re8 13. Nbd2 Na5 14. Qe2 Nb7 15. Be3 c5 16. c4 $146 ({Predecessor:} 16. Bg5 h6 17. Bxf6 Qxf6 {1-0 (47) Daggupati,B (2273)-Tang,A (2509) Philadelphia 2018}) 16... Qc7 17. Bd3 Nd6 18. Rac1 b4 $1 19. Bg5 h6 ({Black should play} 19... Nh5 $15) 20. Bxf6 $1 Bxf6 21. Nf1 Bg7 22. Ne3 Bc6 23. Nd5 Qa7 24. Nd2 Rac8 25. Red1 Nb7 26. Qe3 a5 27. h3 Nd8 28. Ra1 Ne6 29. Nf3 (29. a3 $5 b3 30. a4 $11 (30. Nxb3 Rb8 $15)) 29... Qb8 30. Rac1 Nf4 31. Bb1 Ba8 32. Kh2 h5 33. g3 Ne6 34. Bc2 Qa7 35. Ba4 Bc6 36. Bc2 Rcd8 37. Ra1 Nd4 38. Nxd4 exd4 39. Qd3 Qd7 40. Re1 Bb7 41. Rh1 h4 42. Rae1 hxg3+ 43. fxg3 Re5 44. Qd2 Rh5 45. Kg2 Qd6 46. Bd3 Bh6 47. Qf2 Bxd5 48. cxd5 Be3 49. Qf3 Re5 50. Rhf1 Qe7 51. Qf6 Rxe4 52. Qxf7+ Qxf7 53. Rxf7 Kxf7 54. Bxe4 c4 55. b3 Re8 56. Kf3 c3 57. Bd3 Rc8 58. Re2 Bd2 59. Ke4 Re8+ 60. Kf3 Rc8 61. Ke4 a4 62. Kxd4 c2 63. Bxc2 $1 Rxc2 64. bxa4 Rxa2 {[%emt 0:01:02] [#]} (64... Bc3+ $11 65. Kd3 Rxe2 66. Kxe2 Ke7) 65. Kc4 $1 ({Don't blunder} 65. Kd3 $2 b3 $19) 65... Rb2 66. a5 Ra2 {[%emt 0:00:49] [#]} 67. a6 $1 Rxa6 68. Rxd2 Ra3 69. Rd3 $2 ({Not} 69. Kxb4 Rxg3 70. Rh2 Ke7 $16) (69. Rg2 $18) 69... Rxd3 70. Kxd3 Ke7 71. h4 Kd6 72. Kc4 b3 73. Kxb3 Kxd5 74. Kc3 Ke4 75. g4 Kf4 76. h5 gxh5 $11 77. gxh5 1/2-1/2

[Event "FIDE WCCC U12 2018"]
[Site "Santiago de Compostela"]
[Date "2018.11.07"]
[Round "3"]
[White "Del Prado Rodriguez, Xulio"]
[Black "Pavesi, Brando"]
[Result "1-0"]
[ECO "D02"]
[WhiteElo "1734"]
[BlackElo "2073"]
[Annotator "NA RC"]
[PlyCount "105"]
[EventDate "2018.11.04"]
[EventType "swiss"]
[EventCountry "ESP"]
[SourceTitle "playchess.com"]
[Source "ChessBase"]
[SourceQuality "1"]
[TimeControl "40/5400+30:1800+30"]

1. Nf3 d5 2. d4 Nf6 3. c4 e6 4. g3 c6 5. Qc2 Bd6 6. Bg2 Nbd7 7. O-O O-O 8. b3 Qe7 9. Nc3 b6 10. e4 dxe4 11. Nxe4 Nxe4 12. Qxe4 Bb7 13. Re1 {[%emt 0:10:14] LiveBook: 4 Games E01: Catalan: Early deviations} Nf6 14. Qc2 Rfe8 $146 ({Predecessor:} 14... Rac8 15. Bb2 Rfd8 16. Rad1 Qc7 17. c5 Be7 18. Ne5 Nd7 19. b4 Nxe5 20. dxe5 bxc5 21. bxc5 Qa5 22. Rxd8+ Rxd8 23. Rc1 h6 24. Bf3 Ba6 {½-½ (24) Nikcevic,N (2540)-Prentos,K (2260) Athens 1997}) 15. Bb2 a5 16. Ne5 Qc7 17. Rac1 c5 18. Nf3 a4 (18... cxd4 $11 19. Bxd4 Bb4) 19. dxc5 Bxc5 {[%emt 0:02:12] [#]} (19... bxc5 $11 {remains equal.} 20. bxa4 Bc6) 20. Ng5 $1 axb3 21. axb3 Ra2 {[%emt 0:02:12] [#]} 22. Ra1 $1 Rea8 23. Rxa2 Rxa2 {[%emt 0:00:05] [#]} 24. Ra1 (24. Qb1 $1 $16 Bxg2 25. Qxa2) 24... Rxa1+ $1 25. Bxa1 Be7 $2 (25... h6 $1 $14 26. Bxf6 hxg5 27. Bxg5 Qe5 28. Bxb7 Qxg5) 26. Bxb7 Qxb7 27. Bxf6 $1 Bxf6 28. Qxh7+ Kf8 29. Qe4 (29. Qh8+ $18 {and the rest is easy.} Ke7 30. Nh7) 29... Qxe4 30. Nxe4 Be7 {[%emt 0:00:14] [#]} 31. f4 $1 Bc5+ $2 (31... f5 $16) 32. Nxc5 bxc5 33. Kf2 Ke7 34. g4 e5 35. fxe5 Ke6 36. Ke3 Kxe5 37. h4 f5 38. gxf5 Kxf5 39. Kf3 g6 40. Kg3 Kf6 41. Kf4 Ke6 $11 42. Kg5 $2 (42. Ke3 Kd7) 42... Kf7 43. Kf4 Kf6 $2 44. Ke4 Ke6 45. Kd3 Kf5 46. Kc3 Kg4 47. b4 cxb4+ 48. Kxb4 Kxh4 49. c5 g5 50. c6 g4 51. c7 g3 52. c8=Q g2 53. Qc5 1-0

[Event "FIDE WCCC U12 2018"]
[Site "Santiago de Compostela"]
[Date "2018.11.07"]
[Round "3"]
[White "Springis, Jevgenijs"]
[Black "Silich, Yahor"]
[Result "0-1"]
[ECO "B34"]
[WhiteElo "1665"]
[BlackElo "2058"]
[Annotator "NA RC"]
[PlyCount "76"]
[EventDate "2018.11.04"]
[EventType "swiss"]
[EventCountry "ESP"]
[SourceTitle "playchess.com"]
[Source "ChessBase"]
[SourceQuality "1"]
[TimeControl "40/5400+30:1800+30"]

1. e4 c5 2. Nf3 Nc6 3. Nc3 g6 4. d4 cxd4 5. Nxd4 Bg7 6. Be3 Nf6 {[%emt 0:00:40] LiveBook: 6062 Games} 7. Nxc6 bxc6 8. Bc4 d6 9. Qd2 {[%emt 0:07:03] B35: Sicilian: Accelerated Dragon with 5 Nc3: main line} (9. O-O O-O 10. Bb3 Be6 {½-½ (10) Ascic,P (2293)-Radocaj,D (2309) Bol 2013}) 9... O-O 10. O-O Qc7 11. Bb3 Ba6 12. Rfe1 Ng4 13. h3 (13. Bf4 $11 {remains equal.}) 13... Nxe3 14. Qxe3 Rab8 $146 ({Predecessor:} 14... e6 15. Rab1 h5 16. Ne2 {1-0 (45) Goldstrass,B (1896)-Reiffenrath,C (1956) Suedwestfalen 2001}) 15. Rab1 Bc8 16. Ne2 Qb6 17. Qxb6 axb6 18. c3 Bb7 19. Rbd1 Rfd8 20. Rd3 Ra8 21. f4 c5 22. Nc1 b5 23. Bd5 c4 24. Rd2 {[%emt 0:00:46] [#]} Bxd5 (24... b4 $1 $17 25. Bxb7 (25. cxb4 c3) 25... Ra7) 25. Rxd5 {[%emt 0:00:11] [#]} b4 $1 26. Re2 bxc3 27. bxc3 {[%emt 0:00:03] [#]} Rdb8 (27... Ra3 $1 $19 28. Rc2 Rxc3 29. Rxc3 Bxc3) 28. e5 dxe5 29. fxe5 Bh6 30. Rc2 Rb1 31. Rd1 Ra1 32. Rf1 $2 (32. g3) 32... Rb8 33. Kf2 Rbb1 34. Rd1 Rxc1 35. Rcxc1 Bxc1 36. a4 Be3+ 37. Ke2 Rxd1 38. Kxd1 Bb6 $19 0-1

[Event "FIDE WCCC U12 2018"]
[Site "Santiago de Compostela"]
[Date "2018.11.09"]
[Round "5"]
[White "Xu, Arthur"]
[Black "Djurovic, Peko"]
[Result "1-0"]
[ECO "B66"]
[WhiteElo "2034"]
[BlackElo "1887"]
[Annotator "NA RC"]
[PlyCount "105"]
[EventDate "2018.11.04"]
[EventType "swiss"]
[EventCountry "ESP"]
[SourceTitle "playchess.com"]
[Source "ChessBase"]
[SourceQuality "1"]
[TimeControl "40/5400+30:1800+30"]

1. e4 c5 2. Nf3 Nc6 3. d4 cxd4 4. Nxd4 Nf6 5. Nc3 d6 6. Bg5 e6 7. Qd2 a6 8. O-O-O h6 9. Nxc6 bxc6 10. Bf4 d5 11. Qe3 Bb4 12. e5 $146 {[%emt 0:00:17] B66: Sicilian: Richter-Rauzer: 7...a6 8 0-0-0 h6} ({Predecessor:} 12. Be2 $11 O-O 13. e5 Nd7 14. Qg3 Kh8 15. Qh3 Kg8 16. Rd3 Be7 17. Rg3 Bh4 18. Bxh6 g6 19. Rg4 Bxf2 20. Rf1 Bc5 21. Bg5 Be7 22. Bxe7 Qxe7 23. Qh6 Nxe5 24. Rh4 {1-0 (24) Wang,H (2709)-Ivanchuk,V (2726) Huaian 2017}) 12... Nd7 13. Qg3 Kf8 14. Kb1 Rb8 15. Bc1 Qa5 16. Ne2 Nc5 17. Qe3 Ne4 18. Ka1 Qc5 (18... Bc5 $17 19. Nd4 Rb4) 19. Nd4 Qb6 20. Nb3 Qxe3 21. Bxe3 a5 22. f3 Nc3 23. Rd3 (23. bxc3 $16 Bxc3+ 24. Kb1) 23... Nb5 24. c3 Be7 25. Nxa5 Bd7 26. Nb3 Nc7 27. Nc5 Ke8 28. Be2 Rb5 (28... Bc8 {was called for.} 29. Rd2 Ra8) 29. b4 Bxc5 30. Bxc5 f6 31. Bd6 Rb7 32. f4 Kf7 33. exf6 Kxf6 34. Be5+ Ke7 35. Bxg7 Rg8 36. Rg3 Ne8 37. Bxh6 Rxg3 38. hxg3 Nd6 (38... Kf7 $142 39. a4 Nd6) 39. Bg5+ Kf7 40. Kb2 c5 41. a3 c4 (41... Nc4+ {is a better defense.} 42. Bxc4 dxc4) 42. g4 Ra7 43. Bd8 Ne4 44. Bb6 Ra6 45. Bd4 Kg6 46. Rh8 Nd6 47. Rg8+ Kf7 48. Rg7+ Ke8 49. Bf6 Bc8 50. g5 Nf5 51. Bh5+ Kf8 52. Rh7 Rxa3 53. Rh8# 1-0

[Event "FIDE WCCC U12 2018"]
[Site "Santiago de Compostela"]
[Date "2018.11.09"]
[Round "5"]
[White "Laux, Dominik"]
[Black "Yavuz, Efe Metehan"]
[Result "1/2-1/2"]
[ECO "D35"]
[WhiteElo "1973"]
[BlackElo "1828"]
[Annotator "NA RC"]
[PlyCount "159"]
[EventDate "2018.11.04"]
[EventType "swiss"]
[EventCountry "ESP"]
[SourceTitle "playchess.com"]
[Source "ChessBase"]
[SourceQuality "1"]
[TimeControl "40/5400+30:1800+30"]

1. d4 d5 2. c4 e6 3. Nc3 Nf6 4. Bf4 Bd6 5. Bxd6 Qxd6 6. e3 {[%emt 0:00:54] D35: Queen's Gambit Declined: Exchange Variation} O-O 7. Nf3 b6 8. Rc1 a6 {[%emt 0:01:06] LiveBook: 3 Games} 9. Bd3 $146 ({Predecessor:} 9. cxd5 exd5 10. Bd3 c5 11. dxc5 bxc5 12. O-O Bb7 13. Qb3 Bc6 {1-0 (72) Fedoseev,V (2718)-Akobian,V (2647) Riadh 2017}) 9... Bb7 10. O-O Nbd7 11. Qc2 Rac8 12. e4 dxe4 13. Nxe4 Bxe4 14. Bxe4 Nxe4 15. Qxe4 Nf6 16. Qe2 c5 17. Rfd1 Rfd8 18. Rd2 cxd4 19. Rxd4 Qb4 20. Qd3 Rxd4 21. Qxd4 h6 22. h3 a5 23. Ne5 Qc5 24. Qxc5 bxc5 25. Rd1 Rb8 26. b3 a4 27. bxa4 Ra8 28. a5 Rxa5 29. Rd8+ Kh7 30. Nxf7 Rxa2 31. Rc8 Ne4 32. f3 Ra1+ 33. Kh2 Nd2 34. Rxc5 Rc1 ({Better is} 34... Ra2 $14) 35. Ne5 Rc2 36. Kg1 ({White should play} 36. h4 $16) 36... h5 ({Better is} 36... Nb3 37. Rc8 Nd4) 37. Rc6 Nb3 38. Rxe6 Na5 39. Ra6 Nxc4 40. Rc6 Ne3 41. Rxc2 Nxc2 42. Kf2 g5 43. Ke2 Kg7 44. Kd2 Nd4 45. Ke3 (45. Kd3 $5 Nb3 46. Nd7 $16) 45... Ne6 46. Nd3 Kf6 47. Ke4 h4 {[%emt 0:00:21] [#]} 48. f4 $1 gxf4 49. Ne1 Kg5 50. Nf3+ Kh5 51. Kf5 Nc7 52. Ke5 Nb5 53. Kxf4 Nc3 54. Nd4 Nd5+ 55. Ke4 Nc3+ $1 56. Kf5 Nd5 $1 57. Ke4 Nc3+ 58. Kf5 Nd5 59. Nc2 Nc3 60. Nb4 Ne2 61. Nd5 Ng3+ (61... Nd4+ 62. Kf4 Nc6 63. Nf6+ Kg6) 62. Kf6 Ne4+ 63. Ke5 Ng3 $1 {[%emt 0:00:36] [#]} 64. Nf6+ $2 (64. Nf4+ $1 $18 {and the rest is easy.} Kh6 65. Ne6) 64... Kg6 65. Ne4 Ne2 66. Nd2 Kg5 67. Nf3+ Kh5 68. Ne1 Kg5 {[%emt 0:01:16] [#]} 69. Nf3+ ({Better is} 69. Nd3 $1 $16) 69... Kh5 70. Nd4 Ng3 71. Ne6 Kg6 {[%emt 0:01:39] [#]} 72. Kf4 $1 Kh5 73. Nd4 Nf1 $1 $11 {[%emt 0:01:10] remains equal.} 74. Ne2 Kg6 {[%emt 0:00:42] [#]} 75. Nd4 $2 (75. Nc3 $1 $18 Kh6 76. Nd5) 75... Kh6 $1 76. Nf5+ Kh5 77. Nd4 Kh6 $18 78. Nf3 Kh5 79. Nh2 Nxh2 80. g3 1/2-1/2

[Event "FIDE WCCC U12 2018"]
[Site "Santiago de Compostela"]
[Date "2018.11.09"]
[Round "5"]
[White "Thomforde-Toates, Noah"]
[Black "Wu, Eric"]
[Result "1-0"]
[ECO "B01"]
[WhiteElo "1970"]
[BlackElo "1753"]
[Annotator "NA RC"]
[PlyCount "67"]
[EventDate "2018.11.04"]
[EventType "swiss"]
[EventCountry "ESP"]
[SourceTitle "playchess.com"]
[Source "ChessBase"]
[SourceQuality "1"]
[TimeControl "40/5400+30:1800+30"]

1. e4 d5 2. exd5 Qxd5 3. Nc3 Qd6 4. Nf3 Nf6 5. d4 a6 6. a4 {[%emt 0:02:54] B01: Scandinavian Defence} (6. Bd3 $14 Bg4 7. h3 Bh5 8. O-O Nc6 9. Ne4 Nxe4 10. Bxe4 e6 11. c3 Bg6 12. Bxc6+ Qxc6 13. Ne5 Qb6 {1-0 (58) Anand,V (2767)-Demidov,M (2523) chess.com INT 2018}) 6... Bg4 7. h3 Bh5 8. Be3 Nc6 9. Be2 O-O-O 10. Ng5 $146 ({Predecessor:} 10. O-O Bxf3 11. Bxf3 Nxd4 12. Bxd4 Qxd4 13. Qe2 e6 {½-½ (43) Sloper,C (1503)-Stava,S (1615) Oslo 2006}) 10... Bg6 11. Bd3 Nd5 12. Qg4+ Kb8 13. Nxd5 Qxd5 14. Bxg6 hxg6 15. O-O ({White should play} 15. Qf3 $14 f6 16. Qxd5 Rxd5 17. Ne6) 15... e5 16. dxe5 Nxe5 17. Qe2 Bd6 18. Rfd1 Qc6 19. c4 Rde8 20. Rac1 f6 (20... Rh4 $17) 21. c5 Be7 22. f4 Nd7 23. Nf7 Rhf8 $2 (23... Bxc5 $17 {stays on course.} 24. Rxc5 Nxc5 25. Nxh8 Rxh8) 24. Nd6 Bxd6 25. cxd6 Qe4 26. dxc7+ Kc8 27. Rc3 Qxf4 28. Rxd7 Qxa4 29. Rd8+ Rxd8 30. cxd8=Q+ Kxd8 31. Qd2+ Ke8 32. Rc8+ Kf7 33. Qd5+ Ke7 34. Bc5# 1-0

[Event "FIDE WCCC U12 2018"]
[Site "Santiago de Compostela"]
[Date "2018.11.09"]
[Round "5"]
[White "Ano Pla, Gerard"]
[Black "Razafindratsima, Timothe"]
[Result "0-1"]
[ECO "D85"]
[WhiteElo "1914"]
[BlackElo "2092"]
[Annotator "NA RC"]
[PlyCount "100"]
[EventDate "2018.11.04"]
[EventType "swiss"]
[EventCountry "ESP"]
[SourceTitle "playchess.com"]
[Source "ChessBase"]
[SourceQuality "1"]
[TimeControl "40/5400+30:1800+30"]

1. d4 Nf6 2. c4 g6 3. Nc3 d5 4. cxd5 Nxd5 5. Bd2 Bg7 6. e4 Nxc3 7. Bxc3 O-O 8. Qd2 b6 {[%emt 0:01:02] D85: Grünfeldindisch (Abtauschvariante, 7.Sf3 bzw nicht 7.Lc4)} (8... c5 9. d5 Bxc3 10. bxc3 Qd6 11. f4 e6 12. Bc4 b5 13. Bxb5 exd5 14. Bc4 Bb7 15. Nf3 Rd8 16. Bxd5 Bxd5 17. Qxd5 Qxd5 18. exd5 Rxd5 {½-½ (29) Tomashevsky,E (2702)-Nepomniachtchi,I (2768) Satka 2018}) 9. Nf3 Bb7 10. Bd3 Nd7 11. O-O e6 12. Bc2 c5 13. Rad1 cxd4 14. Bxd4 $146 ({Vorgänger:} 14. Nxd4 Nc5 15. Qe3 Qe7 16. Rfe1 Rac8 17. e5 a6 18. f4 Rfd8 19. b4 Nd7 20. Bb3 Nf8 21. a3 Bd5 22. Bc2 Qb7 23. Rd2 {½-½ (23) Suleymenov,A (2099)-Nguyen,T (2286) Durban 2014}) 14... Nf6 15. Qe2 Qc8 16. b4 Rd8 17. Rc1 Qd7 18. Rfd1 Qe7 19. a3 Rac8 20. Bb1 Qe8 21. Qb2 Nh5 22. Rxc8 Bxc8 23. Rc1 Bxd4 24. Nxd4 Nf4 25. Ne2 Nxe2+ 26. Qxe2 Qa4 27. Qf3 a5 28. Bc2 Qc6 29. Rd1 $1 Rxd1+ 30. Qxd1 Qc3 31. bxa5 bxa5 32. a4 Bb7 33. h3 Qb4 34. Qb1 Kf8 35. Qd1 (35. Qxb4+ $11 axb4 36. Kf1) 35... Ke7 36. Qe2 Bc6 37. Qe3 Bxa4 38. Bxa4 Qxa4 39. Qc5+ Kf6 40. Qc3+ e5 41. Qd3 (41. Kh2 $142) 41... Qa1+ 42. Kh2 a4 43. Qd6+ (43. f4 $142 Qd4 44. Qf3) 43... Kg7 44. f4 {[%emt 0:01:47] [#]} Qd4 $1 45. Qe7 exf4 46. e5 {[%emt 0:01:06] [#]} f3 $1 47. Qf6+ Kg8 48. gxf3 a3 49. Qc6 Qxe5+ 50. f4 $19 Qb2+ 0-1

[Event "FIDE WCCC U12 2018"]
[Site "Santiago de Compostela"]
[Date "2018.11.09"]
[Round "5"]
[White "Haack, Kevin"]
[Black "Pavesi, Brando"]
[Result "1-0"]
[ECO "A06"]
[WhiteElo "1911"]
[BlackElo "2073"]
[Annotator "NA RC"]
[PlyCount "61"]
[EventDate "2018.11.04"]
[EventType "swiss"]
[EventCountry "ESP"]
[SourceTitle "playchess.com"]
[Source "ChessBase"]
[SourceQuality "1"]
[TimeControl "40/5400+30:1800+30"]

1. Nf3 d5 2. g3 Nf6 3. Bg2 c6 4. O-O Nbd7 5. d3 e5 6. Nbd2 Bd6 7. e4 O-O 8. Re1 Re8 9. b3 Nf8 {[%emt 0:08:46] LiveBook: 4 Games B10: Caro-Kann: 2 d3 and 2 c4} 10. Bb2 Ng6 11. Rc1 $146 ({Predecessor:} 11. Nf1 Bd7 12. N3d2 Bc5 13. Ne3 Qb6 14. Qe2 Rad8 15. exd5 Bxe3 16. fxe3 cxd5 17. Kh1 {0-1 (43) Eliseev,U (2550)-Dreev,A (2668) Moscow 2013}) 11... a5 12. a3 d4 13. Nc4 Bf8 14. c3 b5 15. Ncd2 c5 16. c4 (16. a4 $11 {keeps the balance.}) 16... Qb6 ({Black should try} 16... b4 $17) 17. cxb5 Qxb5 18. a4 Qa6 19. Ba3 Nd7 20. Nc4 Nb6 21. Nfd2 Rb8 22. Rb1 Be6 23. Nxb6 Rxb6 24. Nc4 Bxc4 25. bxc4 Rxb1 26. Qxb1 Bd6 (26... Qd6 $11) 27. Qb5 Qxb5 28. axb5 Ne7 29. Ra1 Nc8 30. Bc1 Bc7 $16 31. Bd2 1-0

[Event "FIDE WCCC U12 2018"]
[Site "Santiago de Compostela"]
[Date "2018.11.09"]
[Round "5"]
[White "Ristic, Luka"]
[Black "Silich, Yahor"]
[Result "1-0"]
[ECO "B38"]
[WhiteElo "1897"]
[BlackElo "2058"]
[Annotator "NA RC"]
[PlyCount "59"]
[EventDate "2018.11.04"]
[EventType "swiss"]
[EventCountry "ESP"]
[SourceTitle "playchess.com"]
[Source "ChessBase"]
[SourceQuality "1"]
[TimeControl "40/5400+30:1800+30"]

1. e4 c5 2. Nf3 Nc6 3. d4 cxd4 4. Nxd4 g6 5. c4 Bg7 6. Be3 Nf6 7. Nc3 O-O 8. Be2 d6 9. O-O Bd7 10. f3 Nxd4 11. Bxd4 Bc6 12. Qd2 Nd7 13. Be3 a5 14. b3 Nc5 {[%emt 0:01:44] B38: Sicilian: Maroczy Bind with 5...Bg7 and 7...0-0} 15. Rad1 (15. Rab1 Qb6 16. Rfc1 Rfc8 17. Bf1 Qb4 18. Qb2 Qb6 19. Kh1 Qd8 20. Qd2 e6 21. Bg5 Qf8 22. Rd1 h6 23. Be3 Rd8 24. a3 Nd7 25. b4 axb4 26. axb4 {0-1 (41) Wang,H (2690)-Bu,X (2713) China 2017}) 15... Qb6 16. Kh1 (16. Nb5 $14) 16... Rfc8 17. Nd5 Bxd5 18. exd5 Qb4 19. f4 $146 ({Predecessor:} 19. Qc2 a4 20. Rb1 axb3 21. axb3 Qc3 22. Qxc3 Bxc3 {0-1 (52) Narendran,G (1918)-Koepke,C (2290) Tegernsee 2017}) 19... Qa3 20. Rc1 Bf6 21. Bg4 Rcb8 22. f5 Qb4 23. fxg6 hxg6 24. Qe2 Kg7 25. Bd2 Qb6 {[%emt 0:05:55] [#]} 26. Bc3 $1 Re8 {[%emt 0:01:08] [#]} 27. Qf3 $1 Qd8 28. Rce1 Bxc3 29. Qxf7+ ({Less strong is} 29. Qxc3+ f6 $16) 29... Kh6 30. Re3 1-0